 Dungeon Crawl Stone Soup version 0.18.1-5-g4a78601 (webtiles) character file.

104 oplop the Changer (level 4, -1/34 HPs)
             Began as a Merfolk Transmuter on May 13, 2016.
             Succumbed to a scorpion's poison
             ... on level 3 of the Dungeon.
             The game lasted 00:03:52 (1036 turns).

oplop the Changer (Merfolk Transmuter)              Turns: 1036, Time: 00:03:53

Health: -1/34      AC:  3    Str: 10    XL:     4   Next: 80%
Magic:  7/8        EV: 13    Int: 12    God:
Gold:   102        SH:  0    Dex: 15    Spells: 3 memorised, 2 levels left

rFire  . . .     SeeInvis .       - Unarmed
rCold  . . .     Gourm    .     b - +0 robe
rNeg   + . .     Faith    .     (no shield)
rPois  .         Spirit   .     (no helmet)
rElec  .         Dismiss  .     g - +0 cloak
rCorr  .         Reflect  .     (no gloves)
SustAt .         Harm     .     (no boots)
MR     .....                    (no amulet)
Stlth  +.........               (no ring)
                                f - ring of positive energy

@: lethally poisoned (-1 -> -24), appendage, not resistant to hostile
enchantments, very unstealthy
A: change form in water, swift swim, horns 2
a: End Transformation


You were on level 3 of the Dungeon.
You were not hungry.
You had grown temporary horns.
You visited 1 branch of the dungeon, and saw 3 of its levels.

You collected 102 gold pieces.

Inventory:

Missiles
 a - 12 arrows
Armour
 b - a +0 robe (worn)
 g - a +0 cloak (worn)
Jewellery
 f - a ring of positive energy (left hand)
 j - an uncursed ring of fire
 m - an uncursed ring of magical power {unknown}
Scrolls
 e - a scroll of remove curse
 o - a scroll of identify {unknown}
Potions
 i - a potion of agility {unknown}
Books
 c - a book of Changes

   Spells                             Type                      Level
   a - Beastly Appendage              Transmutation                1
   b - Sticks to Snakes               Transmutation                2
   c - Spider Form                    Transmutation/Poison         3
   d - Ice Form                       Ice/Transmutation            4
   e - Blade Hands                    Transmutation                5
Comestibles
 d - a bread ration
 k - 3 fruits
 l - a beef jerky
 n - 2 chunks of flesh


   Skills:
 + Level 2.4 Fighting
 - Level 2.6 Dodging
 + Level 3.7 Unarmed Combat
 + Level 2.6 Spellcasting
 * Level 4.6 Transmutations


You had 2 spell levels left.
You knew the following spells:

 Your Spells              Type           Power        Failure   Level  Hunger
a - Beastly Appendage     Trmt           ##....       4%          1    #......
b - Sticks to Snakes      Trmt           ##......     8%          2    ###....
c - Spider Form           Trmt/Pois      #.........   34%         3    ###....


Dungeon Overview and Level Annotations

Branches:
Dungeon (3/15)

Altars:

Annotations:
D:2 Natasha


Innate Abilities, Weirdness & Mutations

You revert to your normal form in water.
You are very nimble and swift while swimming.
You have a pair of horns on your head.


Message History

The scorpion stings you.
* * * LOW HITPOINT WARNING * * *
You are lethally poisoned!
The scorpion poisons you!
You closely miss the scorpion.
The scorpion is severely wounded.
* * * LOW HITPOINT WARNING * * *
You feel sick. The scorpion stings you.
* * * LOW HITPOINT WARNING * * *
You are more poisoned.
The scorpion poisons you!
You hit the scorpion.
You headbutt the scorpion, but do no damage.
The scorpion is severely wounded.
* * * LOW HITPOINT WARNING * * *
You feel sick.
The scorpion stings you but does no damage.
You closely miss the scorpion.
The scorpion is severely wounded.
You die...

####....##.##
.#..#†.......
.#.<†÷.....####
.#.#..##....#.####
.#.........##....#
.###.#.....##.##.#
.....#####.....#.#
...............#.#
##########.#...#@#
'..........#...#s#
#########..###.#w#
# #######..# .#.#
# #........# .#.#
# #.######.# .#.#
# #.# ... #.# .#.
#.#


You could see a worm and a scorpion.

Vanquished Creatures
  Natasha (D:2)
  A gnoll (D:1)
  An adder (D:2)
  An ooze (D:1)
  A dart slug (D:1)
  A giant gecko (D:1)
  5 giant cockroaches
  3 goblins
  6 hobgoblins
  10 jackals (D:2)
  A quokka (D:3)
  7 bats
  5 kobolds
  4 rats
47 creatures vanquished.

Notes
Turn   | Place    | Note
--------------------------------------------------------------
     0 | D:1      | oplop the Merfolk Transmuter began the quest for the Orb.
     0 | D:1      | Reached XP level 1. HP: 15/15 MP: 3/3
    39 | D:1      | Reached skill level 3 in Transmutations
   160 | D:1      | Reached XP level 2. HP: 13/22 MP: 3/5
   215 | D:1      | Reached XP level 3. HP: 19/27 MP: 4/6
   354 | D:1      | Reached skill level 4 in Transmutations
   641 | D:2      | Reached XP level 4. HP: 25/33 MP: 7/7
   729 | D:2      | Noticed Natasha
   841 | D:2      | Killed Natasha
   899 | D:2      | Learned a level 2 spell: Sticks to Snakes
   903 | D:2      | Learned a level 3 spell: Spider Form
   915 | D:2      | Noticed Natasha
  1035 | D:3      | HP: 1/34 [poisoned by a scorpion]
  1036 | D:3      | Succumbed to a scorpion's poison

Skill      XL: |  1  2  3 |
---------------+----------+-----
Transmutations | 3 4 |  4.6
Fighting       | 2 |  2.4
Dodging        | |  2.6
Unarmed Combat | |  3.7
Spellcasting   | |  2.6

Action                   |  1- 3 |  4- 6 || total
-------------------------+-------+-------++-------
Melee: Unarmed           |   114 |    58 ||   172
       Headbutt          |    10 |    13 ||    23
       Punch             |       |     1 ||     1
 Cast: Beastly Appendage |    16 |     6 ||    22
  Use: Scroll            |     2 |       ||     2
       Potion            |       |     1 ||     1
  Eat: Chunk             |       |     1 ||     1
Armor: Robe              |    30 |    12 ||    42
Dodge: Dodged            |    71 |    27 ||    98
